General information
- name: BNet
- type: Ladder team game (AT/RT)
- host: Battle.net
- saver: RTCancer
map: Battleground
- players: 8
- length: 23:16
- speed: Fast
- version: 1.28 W3XP
- replay type: Public
» download(238 KB)
Players
team 1 (winner)

»
gypsyeyes. (
green | 101 APM | 2359 actions | 23:15)
9 Mountain King
3 Storm Bolt
3 Bash
1 Avatar
2 Thunder Clap
» actions
| Assign group hotkey | 235 | |
| Basic commands | 32 | |
| Build / train | 79 | |
| Enter build submenu | 22 | |
| Enter hero's abilities submenu | 9 | |
| Give item / drop item | 10 | |
| Right click | 1282 | |
| Select / deselect | 240 | |
| Select group hotkey | 340 | |
| Use ability | 110 | |
2359 total
» units
| Peasant | 9 | |
| Footman | 4 | |
| Rifleman | 7 | |
| Forest Troll Berserker | 2 | |
| Mud Golem | 1 | |
| Ogre Mauler | 1 | |
| Forest Troll Shadow Priest | 1 | |
| Dragonhawk Rider | 6 | |
31 total
» upgrades
| Gunpowder | 1 | |
| Long Rifles | 1 | |
| Animal War Training | 1 | |
| Cloud | 1 | |
4 total
» buildings
| Altar of Kings | 1 | |
| Barracks | 1 | |
| Farm | 10 | |
| Blacksmith | 1 | |
| Scout Tower | 5 | |
| Lumber Mill | 1 | |
| Arcane Vault | 1 | |
| Guard Tower | 4 | |
| Keep | 1 | |
| Gryphon Aviary | 2 | |
| Castle | 2 | |
| Town Hall | 1 | |
30 total
» build order
00:06 Altar of Kings
00:20 Barracks
00:36 Farm
00:50 Farm
01:49 Farm
02:22 Blacksmith
02:53 Scout Tower
03:00 Lumber Mill
04:07 Arcane Vault
04:12 Guard Tower
04:19 Farm
04:22 Farm
04:45 Scout Tower
05:34 Keep
06:16 Guard Tower
06:20 Farm
08:33 Gryphon Aviary
10:40 Gryphon Aviary
10:42 Farm
10:46 Castle
10:47 Castle
12:36 Farm
12:36 Farm
12:37 Farm
18:04 Guard Tower
18:07 Scout Tower
18:08 Scout Tower
18:08 Scout Tower
19:32 Guard Tower
21:46 Town Hall
» items
| Boots of Speed | 1 | |
| Scroll of Regeneration | 9 | |
| Lesser Clarity Potion | 6 | |
| Potion of Healing | 3 | |
| Scroll of Town Portal | 3 | |
| Ivory Tower | 4 | |
26 total

»
GhostFox (
pink | 83 APM | 1941 actions | 23:15)
4 Archmage
2 Summon Water Elemental
2 Brilliance Aura
3 Pandaren Brewmaster
2 Breath of Fire
1 Drunken Haze
» actions
| Assign group hotkey | 18 | |
| Basic commands | 32 | |
| Build / train | 58 | |
| Enter build submenu | 20 | |
| Enter hero's abilities submenu | 7 | |
| Give item / drop item | 3 | |
| Remove unit from queue | 1 | |
| Right click | 949 | |
| Select / deselect | 508 | |
| Select group hotkey | 268 | |
| Use ability | 77 | |
1941 total
» units
| Peasant | 10 | |
| Footman | 7 | |
| Forest Troll Shadow Priest | 1 | |
| Spell Breaker | 1 | |
| Priest | 2 | |
| Sorceress | 5 | |
| Rifleman | 4 | |
30 total
» upgrades
| Defend | 1 | |
| Masonry | 1 | |
| Sorceress Training | 1 | |
| Long Rifles | 1 | |
| Gunpowder | 1 | |
| Armor | 1 | |
| Priest Training | 1 | |
| Swords | 1 | |
8 total
» buildings
| Altar of Kings | 1 | |
| Farm | 9 | |
| Barracks | 1 | |
| Scout Tower | 3 | |
| Arcane Tower | 1 | |
| Arcane Vault | 1 | |
| Lumber Mill | 1 | |
| Keep | 1 | |
| Guard Tower | 2 | |
| Arcane Sanctum | 2 | |
| Blacksmith | 1 | |
23 total
» build order
00:08 Altar of Kings
00:13 Farm
00:16 Barracks
00:59 Farm
01:31 Farm
01:53 Scout Tower
02:21 Arcane Tower
03:07 Arcane Vault
03:14 Farm
03:44 Farm
04:07 Lumber Mill
04:39 Keep
05:11 Scout Tower
05:13 Scout Tower
05:42 Guard Tower
06:22 Guard Tower
07:06 Arcane Sanctum
07:09 Arcane Sanctum
07:11 Farm
08:49 Farm
08:52 Blacksmith
10:08 Farm
14:17 Farm
» items
| Scroll of Regeneration | 2 | |
| Circlet of Nobility | 1 | |
| Scroll of Town Portal | 2 | |
| Scroll of Protection | 1 | |
6 total
RTCancer (
blue | 36 APM | 848 actions | 23:16)
4 Paladin
2 Divine Shield
2 Holy Light
» actions
| Assign group hotkey | 4 | |
| Basic commands | 35 | |
| Build / train | 67 | |
| Enter build submenu | 39 | |
| Enter hero's abilities submenu | 4 | |
| Right click | 284 | |
| Select / deselect | 308 | |
| Select group hotkey | 50 | |
| Use ability | 57 | |
848 total
» units
» upgrades
| Masonry | 2 | |
| Lumber Harvesting | 2 | |
| Gunpowder | 3 | |
| Barrage | 1 | |
| Plating | 3 | |
11 total
» buildings
| Scout Tower | 23 | |
| Lumber Mill | 2 | |
| Arcane Tower | 1 | |
| Guard Tower | 14 | |
| Keep | 1 | |
| Altar of Kings | 1 | |
| Castle | 1 | |
| Farm | 7 | |
| Blacksmith | 1 | |
| Workshop | 2 | |
| Arcane Vault | 1 | |
| Town Hall | 2 | |
56 total
» build order
00:56 Scout Tower
01:09 Lumber Mill
01:22 Arcane Tower
02:15 Scout Tower
02:15 Scout Tower
02:16 Scout Tower
02:19 Scout Tower
02:24 Scout Tower
02:26 Scout Tower
02:30 Scout Tower
02:31 Scout Tower
02:44 Guard Tower
02:50 Guard Tower
02:53 Guard Tower
03:06 Guard Tower
03:15 Guard Tower
03:22 Guard Tower
04:07 Keep
04:16 Guard Tower
04:24 Guard Tower
06:30 Altar of Kings
06:38 Scout Tower
06:39 Scout Tower
06:41 Scout Tower
06:42 Scout Tower
06:43 Scout Tower
06:49 Scout Tower
06:50 Scout Tower
06:53 Scout Tower
06:59 Scout Tower
07:00 Scout Tower
07:01 Scout Tower
07:11 Guard Tower
07:12 Guard Tower
07:52 Guard Tower
08:03 Guard Tower
08:15 Lumber Mill
08:17 Guard Tower
08:27 Guard Tower
09:26 Castle
09:34 Farm
09:37 Farm
09:57 Blacksmith
10:30 Farm
10:33 Farm
11:13 Workshop
11:22 Workshop
12:29 Farm
12:32 Farm
13:59 Arcane Vault
14:06 Farm
18:31 Town Hall
21:21 Town Hall
21:22 Scout Tower
22:24 Scout Tower
22:25 Scout Tower
» items
| Scroll of Town Portal | 1 | |
| Potion of Healing | 1 | |
| Staff of Sanctuary | 1 | |
| Orb of Fire | 1 | |
| Boots of Speed | 1 | |
| Potion of Invisibility | 2 | |
| Scroll of Protection | 1 | |
8 total
cryptoneet (
orange | 68 APM | 1577 actions | 23:15)
5 Death Knight
3 Death Coil
1 Unholy Aura
1 Death Pact
3 Pit Lord
1 Rain of Fire
2 Howl of Terror
» actions
| Assign group hotkey | 12 | |
| Build / train | 39 | |
| Enter build submenu | 11 | |
| Enter hero's abilities submenu | 11 | |
| Give item / drop item | 4 | |
| Right click | 1008 | |
| Select / deselect | 158 | |
| Select group hotkey | 299 | |
| Use ability | 35 | |
1577 total
» units
| Acolyte | 2 | |
| Ghoul | 2 | |
| Crypt Fiend | 8 | |
| Forest Troll Shadow Priest | 1 | |
| Ogre Mauler | 1 | |
14 total
» upgrades
| Creature Attack | 2 | |
| Creature Carapace | 1 | |
| Web | 1 | |
4 total
» buildings
| Crypt | 1 | |
| Altar of Darkness | 1 | |
| Ziggurat | 5 | |
| Graveyard | 1 | |
| Halls of the Dead | 1 | |
| Tomb of Relics | 1 | |
| Black Citadel | 1 | |
| Sacrificial Pit | 1 | |
12 total
» build order
00:11 Crypt
00:14 Altar of Darkness
00:34 Ziggurat
00:57 Graveyard
01:26 Ziggurat
02:28 Ziggurat
04:03 Halls of the Dead
05:17 Tomb of Relics
05:26 Ziggurat
06:42 Black Citadel
10:01 Sacrificial Pit
10:08 Ziggurat
» items
| Boots of Speed | 1 | |
| Scroll of Town Portal | 1 | |
| Potion of Healing | 2 | |
| Potion of Lesser Invulnerability | 1 | |
| Periapt of Vitality | 1 | |
| Scroll of Regeneration | 1 | |
7 total
team 2 (loser)

»
651684313219687 (
red | 148 APM | 2385 actions | 16:06)
4 Demon Hunter
2 Evasion
2 Mana Burn
3 Priestess of the Moon
2 Trueshot Aura
1 Searing Arrows
» actions
| Assign group hotkey | 11 | |
| Basic commands | 59 | |
| Build / train | 81 | |
| Enter build submenu | 14 | |
| Enter hero's abilities submenu | 7 | |
| Give item / drop item | 7 | |
| Right click | 957 | |
| Select / deselect | 803 | |
| Select group hotkey | 394 | |
| Use ability | 51 | |
2385 total
» units
| Wisp | 24 | |
| Archer | 13 | |
| Hippogryph | 7 | |
44 total
» upgrades
| Ultravision | 1 | |
| Improved Bows | 1 | |
| Strength of the Moon | 3 | |
| Hippogryph Taming | 1 | |
| Moon Armor | 3 | |
| Well Spring | 1 | |
| Marksmanship | 1 | |
| Nature's Blessing | 1 | |
12 total
» buildings
| Altar of Elders | 1 | |
| Moon Well | 5 | |
| Ancient of War | 1 | |
| Tree of Ages | 1 | |
| Hunter's Hall | 1 | |
| Ancient of Wonders | 1 | |
| Ancient of Wind | 2 | |
| Tree of Eternity | 1 | |
| Tree of Life | 1 | |
| Ancient Protector | 1 | |
15 total
» build order
00:07 Altar of Elders
00:21 Moon Well
00:34 Ancient of War
01:31 Moon Well
02:13 Moon Well
03:28 Tree of Ages
03:34 Hunter's Hall
03:48 Ancient of Wonders
04:06 Moon Well
05:54 Ancient of Wind
05:56 Ancient of Wind
07:04 Tree of Eternity
08:09 Moon Well
09:56 Tree of Life
10:57 Ancient Protector
» items
| Circlet of Nobility | 1 | |
| Orb of Venom | 1 | |
| Scroll of Town Portal | 4 | |
| Scroll of Regeneration | 1 | |
| Lesser Clarity Potion | 1 | |
8 total
cantfindgames12 (
yellow | 54 APM | 887 actions | 16:18)
3 Paladin
1 Holy Light
1 Divine Shield
1 Devotion Aura
1 Mountain King
1 Storm Bolt
» actions
| Assign group hotkey | 63 | |
| Build / train | 55 | |
| ESC pressed | 4 | |
| Enter build submenu | 26 | |
| Enter hero's abilities submenu | 4 | |
| Right click | 260 | |
| Select / deselect | 224 | |
| Select group hotkey | 184 | |
| Use ability | 67 | |
887 total
» units
| Peasant | 18 | |
| Footman | 4 | |
| Rifleman | 4 | |
| Spell Breaker | 2 | |
| Knight | 4 | |
| Priest | 1 | |
| Necromancer | 1 | |
| Meatwagon | 1 | |
35 total
» upgrades
| Gunpowder | 1 | |
| Armor | 1 | |
| Masonry | 1 | |
| Long Rifles | 1 | |
| Animal War Training | 1 | |
| Priest Training | 1 | |
6 total
» buildings
| Farm | 7 | |
| Barracks | 2 | |
| Altar of Kings | 1 | |
| Lumber Mill | 2 | |
| Scout Tower | 3 | |
| Blacksmith | 1 | |
| Arcane Tower | 1 | |
| Keep | 1 | |
| Castle | 1 | |
| Guard Tower | 3 | |
| Arcane Vault | 3 | |
| Town Hall | 2 | |
| Arcane Sanctum | 4 | |
31 total
» build order
00:35 Farm
00:52 Barracks
01:15 Farm
01:37 Altar of Kings
01:55 Lumber Mill
01:58 Lumber Mill
02:12 Scout Tower
02:18 Farm
02:21 Blacksmith
02:48 Arcane Tower
02:57 Farm
04:00 Keep
04:11 Farm
06:18 Scout Tower
06:24 Scout Tower
06:28 Castle
06:55 Guard Tower
06:55 Guard Tower
07:05 Guard Tower
07:35 Farm
08:50 Arcane Vault
10:02 Farm
10:10 Town Hall
10:21 Arcane Vault
10:27 Arcane Sanctum
10:53 Arcane Sanctum
11:30 Arcane Sanctum
12:12 Town Hall
12:14 Arcane Vault
12:35 Arcane Sanctum
14:03 Barracks
» items
AllanHoustan (
purple | 39 APM | 903 actions | 23:15)
5 Dreadlord
3 Sleep
2 Vampiric Aura
3 Death Knight
2 Death Coil
1 Death Pact
1 Archmage
1 Summon Water Elemental
1 Paladin
1 Holy Light
1 Mountain King
1 Bash
» actions
| Build / train | 87 | |
| Enter build submenu | 29 | |
| Enter hero's abilities submenu | 11 | |
| Give item / drop item | 3 | |
| Right click | 362 | |
| Select / deselect | 317 | |
| Use ability | 94 | |
903 total
» units
| Acolyte | 18 | |
| Ghoul | 9 | |
| Crypt Fiend | 13 | |
| Frost Wyrm | 5 | |
45 total
» upgrades
| Web | 1 | |
| Burrow | 1 | |
| Creature Attack | 2 | |
| Creature Carapace | 2 | |
| Freezing Breath | 1 | |
7 total
» buildings
| Crypt | 1 | |
| Graveyard | 1 | |
| Altar of Darkness | 1 | |
| Ziggurat | 12 | |
| Tomb of Relics | 2 | |
| Halls of the Dead | 2 | |
| Necropolis | 4 | |
| Spirit Tower | 8 | |
| Black Citadel | 1 | |
| Sacrificial Pit | 1 | |
| Boneyard | 4 | |
37 total
» build order
00:22 Crypt
00:37 Graveyard
01:01 Altar of Darkness
01:15 Ziggurat
01:48 Ziggurat
02:03 Tomb of Relics
03:22 Halls of the Dead
03:22 Halls of the Dead
03:57 Ziggurat
04:24 Ziggurat
07:06 Ziggurat
07:09 Ziggurat
07:11 Ziggurat
07:13 Ziggurat
07:39 Necropolis
07:59 Spirit Tower
08:04 Spirit Tower
08:07 Spirit Tower
08:24 Spirit Tower
08:56 Black Citadel
09:43 Necropolis
09:46 Sacrificial Pit
11:54 Necropolis
12:38 Boneyard
12:41 Boneyard
12:44 Boneyard
12:46 Boneyard
18:34 Spirit Tower
18:36 Spirit Tower
19:59 Ziggurat
20:01 Ziggurat
20:03 Ziggurat
20:07 Necropolis
20:11 Ziggurat
20:17 Tomb of Relics
21:01 Spirit Tower
21:03 Spirit Tower
» items
| Rod of Necromancy | 4 | |
| Sacrificial Skull | 1 | |
| Scroll of Town Portal | 3 | |
8 total

»
happytuh (
teal | 23 APM | 340 actions | 14:30)
2 Death Knight
1 Death Coil
1 Unholy Aura
» actions
| Build / train | 43 | |
| Enter build submenu | 13 | |
| Enter hero's abilities submenu | 2 | |
| Give item / drop item | 1 | |
| Remove unit from queue | 6 | |
| Right click | 162 | |
| Select / deselect | 92 | |
| Use ability | 21 | |
340 total
» units
| Acolyte | 2 | |
| Ghoul | 7 | |
| Crypt Fiend | 2 | |
| Necromancer | 10 | |
| Meatwagon | 3 | |
24 total
» upgrades
| Unholy Strength | 1 | |
| Necromancer Training | 1 | |
| Exhume Corpses | 1 | |
| Skeletal Longevity | 1 | |
4 total
» buildings
| Altar of Darkness | 1 | |
| Crypt | 1 | |
| Ziggurat | 5 | |
| Graveyard | 1 | |
| Nerubian Tower | 1 | |
| Halls of the Dead | 1 | |
| Temple of the Damned | 2 | |
| Slaughterhouse | 2 | |
| Tomb of Relics | 1 | |
| Spirit Tower | 1 | |
16 total
» build order
00:18 Altar of Darkness
00:25 Crypt
00:35 Ziggurat
02:57 Ziggurat
04:18 Graveyard
04:26 Nerubian Tower
05:17 Halls of the Dead
07:47 Temple of the Damned
07:53 Temple of the Damned
08:01 Slaughterhouse
08:12 Slaughterhouse
09:48 Ziggurat
10:09 Ziggurat
10:31 Ziggurat
10:54 Tomb of Relics
12:25 Spirit Tower
» items
| Scroll of Town Portal | 2 | |
| Boots of Speed | 1 | |
3 total
Chat log
(00:51 / Allies) cryptoneet: rush?
(01:16 / Allies) cryptoneet: hello
(01:27 / Allies) gypsyeyes.: doesnt look like blue is rushing
(01:39 / Allies) cryptoneet: lmao
(01:41 / Allies) cryptoneet: k
(01:44 / Allies) cryptoneet: fiends wyrms
(02:47 / Allies) cryptoneet: they rushin
(03:50 / Allies) cryptoneet: lmfao blue
(03:52 / Allies) cryptoneet: i hope they rush u
(04:04 / Allies) RTCancer: They will find it to be an unwise prospect
(04:10 / Allies) cryptoneet: hahahaha
(07:04 / Allies) cryptoneet: k
(08:44 / Allies) cryptoneet: b
(08:46 / Allies) gypsyeyes.: what r u getting
(08:50 / Allies) gypsyeyes.: pink
(08:57 / Allies) cryptoneet: gj
(09:59 / Allies) gypsyeyes.: pink what r u getting
(10:09 / Allies) RTCancer: he's casters
(10:12 / Allies) gypsyeyes.: k
(10:24 / Allies) GhostFox: need to hit
(13:25 / Allies) gypsyeyes.: militia
(14:29 / All) cantfindgames12: lol
(15:22 / Allies) gypsyeyes.: blue mvo
(15:23 / Allies) gypsyeyes.: mvp
(15:35 / Allies) gypsyeyes.: im b
(16:04 / All) 651684313219687: gg
(16:06 / All) 651684313219687: fucking idiot team
(16:15 / All) cantfindgames12: we had that in the bag if all stay...........
(16:26 / All) RTCancer: No you din't cuz IM THE MAN
(16:35 / All) RTCancer: I move the plates!
(17:10 / All) RTCancer: Nice expansion, shame I had to destroy it
(18:05 / Allies) GhostFox: stop web oj
(18:12 / Allies) GhostFox: let tank kill
(18:19 / Allies) GhostFox: lol
(19:14 / Allies) GhostFox: gold for hero?
(19:23 / Allies) gypsyeyes.: what u need?
(19:30 / Allies) GhostFox: i got
(19:36 / Allies) GhostFox: ty blue
(21:02 / Allies) GhostFox: expo at my main if you need more gold
(21:08 / Allies) GhostFox: 5k left still
(22:36 / Allies) cryptoneet: gold please